 Dungeon Crawl Stone Soup version 0.23.1 (webtiles) character file.

Game seed: 6857126538912086826

113 Fang the Skirmisher (level 4, -3/43 HPs)
             Began as a Gargoyle Berserker on Mar 13, 2019.
             Was a Believer of Trog.
             Slain by a gnoll
             ... wielding a +0 flail
              (5 damage)
             ... on level 2 of the Dungeon.
             The game lasted 00:02:31 (1721 turns).

Fang the Skirmisher (Gargoyle Berserker)            Turns: 1721, Time: 00:02:31

Health: -3/43      AC:  5    Str: 27    XL:     4   Next: 96%
Magic:  4/4        EV: 12    Int:  7    God:    Trog [**....]
Gold:   51         SH:  0    Dex:  9    Spells: 3/3 levels left

rFire    . . .     SeeInvis .   a - +0 hand axe
rCold    . . .     Gourm    .   (no shield)
rNeg     + . .     Faith    .   b - +0 animal skin
rPois    ∞         Spirit   .   (no helmet)
rElec    +         Reflect  .   (no cloak)
rCorr    .         Harm     .   (no gloves)
MR       .....                  (no boots)
Stlth    ..........             (no amulet)
HPRegen  0.14/turn              (no ring)
MPRegen  0.09/turn              (no ring)

@: berserking, very quick
A: negative energy resistance 1, electricity resistance, unbreathing,
petrification resistance, rot immunity, AC +3
a: Berserk, Trog's Hand, Renounce Religion


You were on level 2 of the Dungeon.
You worshipped Trog.
Trog was pleased with you.
You were very hungry.

You visited 1 branch of the dungeon, and saw 2 of its levels.

You collected 51 gold pieces.

Inventory:

Hand Weapons
 a - a +0 hand axe (weapon)
Armour
 b - a +0 animal skin (worn)
Jewellery
 e - an uncursed amulet of the gourmand {unknown}
 h - an uncursed ring of see invisible {unknown}
Scrolls
 d - a scroll of immolation {unknown}
 g - a scroll of magic mapping {unknown}
Comestibles
 c - 5 rations
 f - 3 chunks of flesh


   Skills:
 + Level 4.1 Fighting
 + Level 3.3 Axes
 + Level 3.2 Armour
 + Level 2.4 Dodging


You had 3 spell levels left.
You didn't know any spells.
Your spell library was empty.

Dungeon Overview and Level Annotations

Branches:
Dungeon (2/15)

Altars:
Ashenzari


Innate Abilities, Weirdness & Mutations

You are resistant to torment.
Your stone body is resilient. (AC +3)
You are immune to poison.
You resist negative energy. (rN+)
You are resistant to electric shocks. (rElec)
You can survive without breathing.
You are immune to petrification.
You are immune to rotting.


Message History

You are too injured to fight recklessly!
You are too injured to fight recklessly!
You are too injured to fight recklessly!
You are too injured to fight recklessly!
You are too injured to fight recklessly!
You are too injured to fight recklessly!
You are too injured to fight recklessly!
You closely miss the gnoll. The gnoll hits you but does no damage.
You hit the gnoll.
The gnoll is moderately wounded.
The gnoll hits you with a +0 flail!
* * * LOW HITPOINT WARNING * * *
You barely miss the gnoll.
The gnoll is moderately wounded.
The gnoll barely misses you.
A red film seems to cover your vision as you go berserk!
You feel yourself moving faster!
You feel mighty!
You are feeling very hungry.
The gnoll hits you with a +0 flail.
You die...

...# #. ######...#
#. ....#....#.
#.####.#........
####
#..##..#.#.#....
#...
##.....#........
#.#####..#.#.)g#.#.#
#.#....#......@....#
#.#.....÷#.#..######
#.#..........##
#.#....###.###
#.##.### #..#
#.##.#####....
##.##.......####
##......######
...######


You could see a gnoll.

Vanquished Creatures
  2 adders (D:2)
  6 gnolls (D:2)
  2 dart slugs
  A leopard gecko (D:1)
  2 giant cockroaches (D:1)
  3 goblins
  2 hobgoblins (D:1)
  4 kobolds
  7 bats
  3 frilled lizards
  4 rats (D:1)
36 creatures vanquished.

Notes
Turn   | Place    | Note
-------+----------+-------------------------------------------
     0 | D:1      | Fang the Gargoyle Berserker began the quest for the Orb.
     0 | D:1      | Reached XP level 1. HP: 14/14 MP: 1/1
   253 | D:1      | Reached XP level 2. HP: 18/19 MP: 2/2
   419 | D:1      | Found a shattered altar of Ashenzari.
   475 | D:1      | Reached XP level 3. HP: 21/23 MP: 3/3
   877 | D:2      | HP: 1/24 [adder (3)]
   881 | D:2      | Reached ** piety under Trog
  1181 | D:2      | Reached XP level 4. HP: 29/29 MP: 4/4
  1188 | D:2      | Reached skill level 4 in Fighting
  1719 | D:2      | HP: 1/29 [gnoll/+0 flail (11)]
  1721 | D:2      | Slain by a gnoll

Skill      XL: |  1  2  3  4 |
---------------+-------------+-----
Axes           | 3 |  3.3
Dodging        | 2 |  2.4
Armour         | 3 |  3.2
Fighting       | 4 |  4.1

Action                   |  1- 3 |  4- 6 || total
-------------------------+-------+-------++-------
Melee: Hand axe          |   100 |    32 ||   132
Invok: Berserk           |     2 |     1 ||     3
  Eat: Chunk             |     1 |     3 ||     4
Armor: Animal skin       |    45 |     8 ||    53
Dodge: Dodged            |    81 |    17 ||    98
